cohdb
Replays
Latest Replays
All Replays
Popular Replays
Top Player Replays
Match Explorer
How It Works
Community
CoH3 Stats
Reddit
Sign in to upload your games and track your stats! →
Sign in with Steam
Match 45999034
Unlisted
Match 45999034
Overview
Messages
Build Orders
End
Selects Italian Coastal Battlegroup
Selects Coastal Reserves
Coastal Reserve
Construct Infanterie Kompanie
Construct Infanterie Kompanie
Coastal Reserve
Coastal Reserve
GrW 34 Mortar Team
Construct Panzergrenadier Kompanie
Selects Artillery Officer
Artillery Officer
Repair Bunker
Selects Designate Defensive Line
Designate Defensive Line
Pak 40 Anti-tank Gun Team
Selects Designated Artillery Overwatch
Construct Panzer Kompanie
MG 42 Bunker
Designated Artillery Overwatch
Panzer IV Medium Tank
Selects Bulwark
MG 42 Bunker
Panzer IV Medium Tank
Panzer IV Medium Tank
Guille1944
Katunar
General_Zaad
PabloArgentina
Kampfstärke
Kenan
PlammX
BABAJAGA
0
0
Comments
sign in to comment!
No comments posted yet!